Map: Deathaura LE

Players

A.I. 1 (Elite)

  • Race: Zerg Zerg
  • Spawn Location: 5:00

cheetoss - Winner!

  • Race: Zerg Zerg
  • Spawn Location: 11:00

VOD

Have the link to the VOD?

Description

Time

  • Played on: Nov. 25, 2020, 6:03 a.m.
  • Length: 4:14
Show
View Real Time Build Order
Export as new Build Order

A.I. 1 (Elite) Zerg 

Build Orders: Hatch First 

Get SALT Encoding   

  6  0:00  Drone  
  13  0:12  Overlord  
  13  0:16  Drone  
  14  0:30  Drone x2  
  14  0:34  Drone  
  17  0:52  Hatchery  
  17  0:55  Drone  
  17  1:11  Spawning Pool  
  16  1:12  Extractor  
  16  1:14  Drone  
  16  1:19  Drone  
  16  1:22  Drone  
  18  1:28  Drone  
  19  1:38  Overlord  
  19  1:41  Extractor  
  18  1:49  Drone  
  19  1:57  Queen  
  19  2:00  Zergling x2  
  22  2:03  Drone  
  23  2:18  Queen  
  25  2:23  Drone  
  25  2:27  Drone  
  27  2:32  Drone  
  27  2:35  Drone  
  29  2:51  Roach Warren, Drone  
  29  2:54  Drone  
  29  2:58  Zergling x2  
  31  3:01  Zergling x2  
  31  3:07  Overlord  
  31  3:12  Zergling x2  
  28  3:17  Zergling x2  
  25  3:21  Zergling x2  
  23  3:29  Zergling x2  
  23  3:46  Zergling x2  
  21  3:55  Drone  
Show
View Real Time Build Order
Export as new Build Order

cheetoss Zerg - Winner!

Build Orders: Pool Only, Ravager All-In 

Get SALT Encoding   

  6  0:00  Drone  
  13  0:22  Spawning Pool  
  13  0:25  Extractor  
  13  0:27  Drone  
  12  0:33  Drone  
  13  0:38  Drone  
  14  0:46  Overlord  
  14  0:52  Extractor  
  14  0:54  Drone  
  14  1:11  Roach Warren  
  14  1:16  Drone  
  14  1:20  Drone  
  15  1:30  Overlord  
  15  1:51  Roach x2  
  21  1:54  Roach  
  21  2:05  Overlord  
  21  2:11  Ravager  
  21  2:12  Ravager  
  21  2:14  Ravager  
  24  2:20  Roach  
  26  2:27  Roach  
  28  2:38  Roach  
  30  2:49  Roach  
  32  2:56  Ravager  
  33  3:10  Overlord  
  33  3:12  Roach  
  35  3:14  Ravager  
  36  3:31  Ravager  
  37  3:36  Roach x2  
Tags
 
Add a new tag
Caveats
  • Supply blocks, unpowered buildings, or Contaminate may cause inaccurate times.
  • Supply counts are checked every 10 seconds.